 Dungeon Crawl Stone Soup version 0.29-a0-307-gecccbbdb84 (webtiles) character file.

Game seed: 14005816921712348911

109 Flugkiller the Sneak (level 4, 0/34 HPs)
             Began as a Vampire Delver on Mar 27, 2022.
             Was a Believer of Uskayaw.
             Slain by a hobgoblin (3 damage)
             ... led by Robin
             ... on level 2 of the Dungeon.
             The game lasted 00:03:08 (1816 turns).

Flugkiller the Sneak (Vampire Delver)               Turns: 1816, Time: 00:03:08

Health: 0/34       AC:  4    Str: 11    XL:     4   Next: 59%
Magic:  2/4        EV: 14    Int: 14    God:    Uskayaw [**....]
Gold:   65         SH:  0    Dex: 15    Spells: 3/3 levels left

rFire   + . .      SeeInvis +   a - +0 short sword
rCold   . . .      Faith    .   (no shield)
rNeg    . . .      Spirit   .   i - +2 robe {rF+}
rPois   .          Reflect  .   (no helmet)
rElec   .          Harm     .   (no cloak)
rCorr   .          Rampage  .   (no gloves)
Will    .....                   (no boots)
Stlth   ++++......              (no amulet)
HPRegen 0.31/turn               (no ring)
MPRegen 0.09/turn               (no ring)

@: healing quickly
A: alive, fangs 3, see invisible, vampiric 2
a: Exsanguinate, Renounce Religion, Stomp, Line Pass


You were on level 2 of the Dungeon.
You worshipped Uskayaw.
Uskayaw was noncommittal.
You visited 2 branches of the dungeon, and saw 5 of its levels.

You collected 65 gold pieces.

Inventory:

Hand Weapons
 a - a +0 short sword (weapon)
Armour
 b - a +0 leather armour
 i - a +2 robe of fire resistance (worn)
   (You took it off Jessica on level 3 of the Dungeon)
Jewellery
 f - a ring of ice
   (You found it on level 3 of the Dungeon)
Wands
 g - a wand of digging (2)
Scrolls
 c - a scroll of fog
 d - a scroll of noise {unknown}
 e - a scroll of teleportation {unknown}
Potions
 h - a potion of attraction {unknown}


   Skills:
 - Level 2.6 Fighting
 - Level 2.1 Short Blades
 + Level 5.4 Dodging
 - Level 7.2 Stealth


You had 3 spell levels left.
You didn't know any spells.
Your spell library contained the following spells:

 Spells                   Type           Power      Damage    Failure   Level
 Blink                    Tloc           0%         N/A       41%         2
 Tukima's Dance           Hex            0%         N/A       65%         3
 Anguish                  Hex/Necr       0%         N/A       96%         4
 Summon Lightning Spire   Summ/Air       0%         N/A       96%         4
 Manifold Assault         Tloc           0%         N/A       100%        5
 Enfeeble                 Hex            0%         N/A       100%        7
 Storm Form               Tmut/Air       0%         N/A       100%        7
 Maxwell's Capacitive Co  Air            0%         ∞         100%        8


Dungeon Overview and Level Annotations

Branches:
Dungeon (5/15)             Temple (1/1) D:5

Altars:
Ashenzari
Kikubaaqudgha
Makhleb
Okawaru
Qazlal
Uskayaw
Vehumet
Yredelemnul

Annotations:
D:2 Robin
D:3 3 runed translucent doors, P0WERM0DE's ghost, amateur HuHu; P0WERM0DE's ghost, weakling SpIE; Shavain's ghost, amateur DDHu; nuaici's ghost, amateur DjCj
D:4 Menkaure


Innate Abilities, Weirdness & Mutations

Your natural rate of healing is accelerated.
You have razor-sharp teeth.
You have supernaturally acute eyesight. (SInv)
You are afflicted with vampirism and can become a bat while bloodless.


Message History

You kill the kobold!
No target in view!
Things that are here:
a +0 dagger; 4 stones No target in view!
No target in view!
A hobgoblin comes into view.
A hobgoblin is nearby!
A hobgoblin is nearby!
A hobgoblin is nearby!
A goblin comes into view. It is wielding a +0 club.
The goblin shouts!
You hear a shout! x2; The hobgoblin shouts!
You hear a shout! x4
A goblin comes into view. It is wielding a +0 club.
Robin, a hobgoblin and 3 goblins come into view.
The goblin shouts!
You hear an angry hiss.
You hear a shout!
A goblin comes into view. It is wielding a +0 dagger.
Robin throws the goblin at you!
You barely miss the goblin. The goblin barely misses you.
Robin throws the goblin at you! The goblin barely misses you.
The goblin attacks as you move away! The goblin hits you with a +0 club.
The goblin attacks as you move away! The goblin barely misses you.
The goblin unwields a +0 club.
The goblin wields a +0 hunting sling.
The goblin shoots a sling bullet.
The sling bullet barely misses you.
You barely miss the goblin. The goblin hits you but does no damage.
The goblin shoots a sling bullet.
The sling bullet closely misses you.
You hit the goblin.
You kill the goblin!
You stomp with the beat, sending a shockwave through the revellers around you!
The goblin is severely wounded.
The hobgoblin is severely wounded.
The goblin is severely wounded.
You can no longer stomp with the beat.
The goblin barely misses you. The hobgoblin hits you.
The goblin unwields a +0 hunting sling.
The goblin wields a +0 club.
The goblin misses you.
You hit the goblin.
You kill the goblin!
The goblin barely misses you. The hobgoblin hits you.
You hit the goblin.
You kill the goblin!
Robin roars a battlecry!
The hobgoblins go into a battle-frenzy!
The hobgoblin hits you. The hobgoblin closely misses you.
You are too injured to fight recklessly!
You closely miss the hobgoblin. Robin throws the goblin at you!
The hobgoblin hits you. The goblin barely misses you.
You hit the hobgoblin.
You kill the hobgoblin!
Robin roars a battlecry!
The goblin hits you with a +0 club. The hobgoblin completely misses you.
You can now stomp with the beat.
You don't have enough magic at the moment.
You hit the goblin.
You kill the goblin!
The goblin hits you but does no damage. The hobgoblin barely misses you.
You hit the hobgoblin.
You kill the hobgoblin!
The goblin closely misses you.
You hit the goblin.
The goblin is heavily wounded.
A hobgoblin comes into view.
The goblin hits you with a +0 club.
You hit the goblin.
You kill the goblin!
You hit the goblin.
You kill the goblin!
A hobgoblin comes into view.
A goblin comes into view. It is wielding a +0 club.
You can now pass through a line of other dancers.
You closely miss Robin. Robin completely misses you.
You hit Robin but do no damage. Robin hits you but does no damage.
The hobgoblin misses you.
You barely miss Robin. The hobgoblin barely misses you.
Robin hits you with a +0 dagger.
You barely miss Robin. The hobgoblin misses you. Robin closely misses you.
You can no longer pass through a line of other dancers.
You don't have enough magic at the moment.
You barely miss Robin. Your bite misses Robin.
A goblin comes into view. It is wielding a +0 club.
The hobgoblin hits you.
* * * LOW HITPOINT WARNING * * *
Robin closely misses you.
You hit the goblin.
You kill the goblin!
The goblin no longer looks unusually strong.
The hobgoblin barely misses you. Robin closely misses you.
Okay, then.
You don't have enough magic at the moment.
You hit Robin.
Robin is lightly wounded.
The hobgoblin hits you.
* * * LOW HITPOINT WARNING * * *
Robin throws the goblin at you! The goblin hits you but does no damage.
You can now pass through a line of other dancers.
You hit the goblin.
You kill the goblin!
Robin hits you with a +0 dagger.
* * * LOW HITPOINT WARNING * * *
The hobgoblin hits you.
You die...

####### ......# ......#
...)..# ##### ##
####### ######...# ..#
.#########........#...#
........##.....)ggg...#
........#......)@#....#
...............).#g...#
#..#...############.g.#
#>..........[. g..#
#.########...# .g.# #.#
.# ..# #.# .## #.# #.#


You could see Robin and 2 hobgoblins.

Vanquished Creatures
  4 adders (D:3)
  A worm (D:3)
  2 orcs (D:3)
  3 bats (D:3)
  An endoplasm (D:3)
  A giant cockroach (D:2)
  9 goblins
  5 hobgoblins
  3 kobolds
  A quokka (D:3)
  5 ball pythons
  A frilled lizard (D:3)
  3 rats
39 creatures vanquished.

Vanquished Creatures (collateral kills)
  Jessica (D:3)
  A giant cockroach (D:3)
2 creatures vanquished.

Vanquished Creatures (others)
  A plant (D:5)
  2 withered plants (D:3)
3 creatures vanquished.

Grand Total: 44 creatures vanquished

Notes
Turn   | Place    | Note
-------+----------+-------------------------------------------
     0 | D:5      | Flugkiller the Vampire Delver began the quest for the Orb.
     0 | D:5      | Reached XP level 1. HP: 17/17 MP: 1/1
    86 | D:5      | Noticed a hound
    88 | D:5      | Found a staircase to the Ecumenical Temple.
    90 | D:5      | Noticed an orc wizard
    94 | D:5      | Noticed an orc wizard
    94 | D:5      | Noticed an orc priest
   127 | Temple   | Entered the Ecumenical Temple
   170 | Temple   | Became a worshipper of Uskayaw the Reveller
   266 | D:4      | Noticed Menkaure
   316 | D:3      | Reached * piety under Uskayaw
   377 | D:3      | Reached ** piety under Uskayaw
   378 | D:3      | Noticed Jessica
   386 | D:3      | Killed Jessica
   387 | D:3      | Reached XP level 2. HP: 15/23 MP: 2/2
   387 | D:3      | Gained mutation: You are afflicted with vampirism and can
                  | become a bat while bloodless. [Vampire growth]
   387 | D:3      | Reached XP level 3. HP: 18/28 MP: 3/3
   587 | D:3      | Found a runed translucent gate.
   587 | D:3      | Found a runed translucent gate.
   588 | D:3      | Found a runed translucent gate.
   591 | D:3      | Noticed Shavain's ghost (amateur DDHu)
   594 | D:3      | Noticed P0WERM0DE's ghost (amateur HuHu)
   594 | D:3      | Noticed nuaici's ghost (amateur DjCj)
   594 | D:3      | Noticed P0WERM0DE's ghost (weakling SpIE)
  1254 | D:3      | Reached XP level 4. HP: 14/34 MP: 4/4
  1646 | D:3      | Reached skill level 5 in Dodging
  1794 | D:2      | Noticed Robin
  1816 | D:2      | Slain by a hobgoblin

Illustrated notes

Levels and vault maps discovered:
D:2:      wander_river, layout_basic, uniq_robin, uniq_sigmund
D:3:      layout_loops_corners, gammafunk_ghost_cemetery, uniq_jessica
D:4:      layout_loops_cross, mainiacjoe_overflow_tiny_flanked,
          mainiacjoe_overflow_alcove_4, uniq_menkaure, uniq_pikel
D:5:      layout_basic, minmay_temple_entry_mini_moons, saegor_snake_ambush
Temple:   eino_temple_scatter_basement

Skill      XL: |  1  2  3  4 |
---------------+-------------+-----
Dodging        | 4 5 |  5.4
Fighting       | |  2.6
Short Blades   | |  2.1
Stealth        | |  7.2

Action                   |  1- 3 |  4- 6 || total
-------------------------+-------+-------++-------
Melee: Short sword       |    78 |    40 ||   118
       Bite              |     7 |     4 ||    11
Invok: Stomp             |       |     2 ||     2
Evoke: Wand              |     1 |       ||     1
  Use: Scroll            |     4 |       ||     4
       Potion            |     2 |       ||     2
 Stab: Sleeping          |     7 |       ||     7
Armor: Leather armour    |    12 |       ||    12
       Robe              |       |    10 ||    10
Dodge: Dodged            |    49 |    49 ||    98

Table legend: (Time is in decaauts)
 A = Elapsed time spent in this place.
 B = Non-inter-level travel time spent in this place.
 C = Inter-level travel time spent in this place.
 D = Time resting spent in this place.
 E = Time spent auto-exploring this place.
 F = Levels seen in this place.
 G = Mean time per level.
                   A        B        C        D        E       F      G
               +--------+--------+--------+--------+--------+-----+--------+
         Total |   1803 |   1607 |    196 |    336 |    800 |   5 |  360.6 |
       Dungeon |   1742 |   1562 |    180 |    336 |    766 |   4 |  435.5 |
        Temple |     60 |     44 |     16 |      0 |     34 |   1 |   60.0 |
               +--------+--------+--------+--------+--------+-----+--------+

Top non-repeatable levels by time:
     D:3: 1428 daAuts
     D:5: 189 daAuts
     D:2: 85 daAuts
  Temple: 60 daAuts
     D:4: 39 daAuts
